 Dungeon Crawl Stone Soup version 0.31-a0-177-g4aa6249778 (webtiles) character file.

Game seed: 1940549237805363687

415 qw the Shooter (level 6, -6/48 (57) HPs)
             Began as a Naga Hunter on June 18, 2023.
             Mangled by Edmund
             ... wielding a +2 dire flail of draining
              (13 damage)
             ... on level 5 of the Dungeon.
             The game lasted 00:01:18 (4289 turns).

qw the Shooter (Naga Hunter)                        Turns: 4289, Time: 00:01:18

HP:   -6/48 (57)    AC:  5    Str: 13    XL:     6   Next: 92%
MP:   6/6           EV:  9    Int: 10    God:
Gold: 173           SH:  0    Dex: 16    Spells: 5/5 levels left

rFire   . . .        Y - +0 shortbow (flame)
rCold   . . .        (shield currently unavailable)
rNeg    . . .        c - +0 leather armour
rPois   +            (no helmet)
rElec   .            g - +1 cloak
rCorr   .            (no gloves)
SInv    +            (no barding)
Will    .....        j - amulet of faith
Stlth   ++           (no ring)
HPRegen 0.28/turn    (no ring)
MPRegen 0.10/turn

%: faith
@: heavily drained, very slow
A: AC +2, large, see invisible, deformed body, poison resistance, slowness 2,
spit poison 1, naga tail 1
a: Spit Poison


You were on level 5 of the Dungeon.
You visited 1 branch of the dungeon, and saw 5 of its levels.

You collected 173 gold pieces.


Innate Abilities, Weirdness & Mutations

Your serpentine skin is tough. (AC +2)
You have supernaturally acute eyesight. (SInv)
Armour fits poorly on your strangely shaped body.
Your system is resistant to poisons. (rPois)
You cover ground very slowly.
You can spit poison.
You have a snake-like lower body.


   Skills:
 - Level 4.0 Fighting
 + Level 6.5 Ranged Weapons
 - Level 1.5 Dodging
 - Level 1.5 Stealth


You had 5 spell levels left.
You didn't know any spells.
Your spell library was empty.

Inventory:

Hand Weapons
 Y - a +0 shortbow of flaming (weapon)
Armour
 c - a +0 leather armour (worn)
 g - a +1 cloak (worn)
Jewellery
 j - an amulet of faith (around neck)
Scrolls
 e - a scroll of identify
Potions
 b - a potion of berserk rage {unknown}
 h - a potion of curing

Dungeon Overview and Level Annotations

Branches:
Dungeon (5/15)
 Temple: D:4-7

Altars:
Dithmenos
Kikubaaqudgha
Okawaru
Sif Muna

Annotations:
D:3 1 runed translucent door, Crazy Yiuf
D:5 Edmund


Message History

4281 ||| INVOKING Spit Poison.
Aiming: Spit Poison (1% risk of failure)
Press: ? - help, Shift-Dir - straight line, f/p - jackal The splash of poison misses the jackal.
The jackal bites you.
You shoot an arrow. The arrow closely misses the jackal.
The jackal bites you but does no damage. x2
You shoot an arrow. The arrow hits the jackal!
The arrow burns the jackal.
You kill the jackal!
You shoot an arrow. The arrow hits Edmund.
The arrow burns Edmund.
Edmund is lightly wounded.
Edmund hits you with a +2 dire flail of draining!
You feel drained.
You shoot an arrow.
The arrow hits Edmund but does no damage.
Edmund is lightly wounded.
Edmund hits you with a +2 dire flail of draining!
You feel drained.
You shoot an arrow.
The arrow hits Edmund but does no damage.
Edmund is lightly wounded.
You have got your breath back.
Edmund hits you with a +2 dire flail of draining!
You feel drained.
4287 ||| INVOKING Spit Poison.
Aiming: Spit Poison (1% risk of failure)
Press: ? - help, Shift-Dir - straight line, f/p - Edmund The splash of poison hits Edmund.
Edmund is poisoned.
Edmund is lightly wounded.
Edmund hits you with a +2 dire flail of draining!
You feel drained.
You shoot an arrow. The arrow closely misses Edmund.
Edmund hits you with a +2 dire flail of draining.
You feel drained.
You shoot an arrow.
The arrow hits Edmund but does no damage.
Edmund is lightly wounded.
You have got your breath back.
Edmund hits you with a +2 dire flail of draining!
You die...

### #<# #.#
#.# #.#
##########.#
#.@%.......#
#@##########
... .....
#.....
#.....
#.....
#.....


You could see Edmund (poisoned).

Vanquished Creatures
  A scorpion (D:3)
  A howler monkey (D:4)
  2 hounds
  2 iguanas (D:4)
  Terence (D:1)
  8 adders
  A river rat (D:4)
  2 worms (D:4)
  A dart slug (D:2)
  6 orcs
  2 bats (D:3)
  6 endoplasms
  2 giant cockroaches (D:4)
  6 goblins
  4 hobgoblins (D:2)
  19 jackals
  3 quokkas
  6 ball pythons
  3 frilled lizards (D:1)
  5 kobolds
  3 rats
84 creatures vanquished.

Notes
Turn   | Place    | Note
-------+----------+-------------------------------------------
     0 | D:1      | qw the Naga Hunter began the quest for the Orb.
     0 | D:1      | Reached XP level 1. HP: 19/19 MP: 1/1
     0 | D:1      | 0 ||| qw: Version: 0.3-a-7-ge0c9b40
     0 | D:1      | 0 ||| qw: Game counter: 726
     0 | D:1      | 0 ||| qw: Always use a shield: true
     0 | D:1      | 0 ||| qw: God list: Okawaru
     0 | D:1      | 0 ||| qw: Allow faded altars: false
     0 | D:1      | 0 ||| qw: Do Orc after D:15 true
     0 | D:1      | 0 ||| qw: Do second Lair branch before Depths: true
     0 | D:1      | 0 ||| qw: Lair rune preference: random
     0 | D:1      | 0 ||| qw: Plans: Normal
     0 | D:1      | 0 ||| PLANNING D:1-11
   118 | D:1      | 118 ||| INVOKING Spit Poison.
   124 | D:1      | 124 ||| INVOKING Spit Poison.
   309 | D:1      | 309 ||| INVOKING Spit Poison.
   336 | D:1      | 336 ||| INVOKING Spit Poison.
   337 | D:1      | Reached skill level 4 in Ranged Weapons
   337 | D:1      | Reached XP level 2. HP: 26/26 MP: 2/2
   417 | D:1      | 417 ||| INVOKING Spit Poison.
   669 | D:1      | 669 ||| INVOKING Spit Poison.
   672 | D:1      | 672 ||| INVOKING Spit Poison.
   960 | D:1      | 960 ||| UPGRADING to amulet of faith.
   965 | D:1      | 965 ||| READING scroll labelled EFETZI NIASOBI.
   966 | D:1      | 966 ||| READING 3 scrolls labelled JAICAU ANINOPT.
   967 | D:1      | 967 ||| READING scroll labelled GIRRIO GOYKAMA.
   968 | D:1      | 968 ||| READING scroll labelled NEFFUN BOAN.
   969 | D:1      | 969 ||| READING 2 scrolls of identify.
   969 | D:1      | 969 ||| IDENTIFYING smoky dark potion
   970 | D:1      | 970 ||| DROPPING scroll of butterflies.
   971 | D:1      | 971 ||| DROPPING potion of brilliance.
   988 | D:2      | Noticed Terence
   989 | D:2      | 989 ||| INVOKING Spit Poison.
   992 | D:2      | 992 ||| STAIRDANCE
   995 | D:1      | 995 ||| INVOKING Spit Poison.
   998 | D:1      | 998 ||| INVOKING Spit Poison.
  1000 | D:1      | Killed Terence
  1001 | D:1      | Reached XP level 3. HP: 13/32 MP: 3/3
  1095 | D:2      | 1095 ||| INVOKING Spit Poison.
  1142 | D:2      | 1142 ||| INVOKING Spit Poison.
  1145 | D:2      | 1145 ||| INVOKING Spit Poison.
  1174 | D:2      | 1174 ||| INVOKING Spit Poison.
  1262 | D:2      | 1262 ||| INVOKING Spit Poison.
  1303 | D:2      | 1303 ||| INVOKING Spit Poison.
  1324 | D:2      | 1324 ||| INVOKING Spit Poison.
  1325 | D:2      | Reached skill level 5 in Ranged Weapons
  1325 | D:2      | Reached XP level 4. HP: 39/39 MP: 4/4
  1354 | D:2      | 1354 ||| INVOKING Spit Poison.
  1369 | D:2      | 1369 ||| INVOKING Spit Poison.
  1431 | D:2      | 1431 ||| INVOKING Spit Poison.
  1562 | D:2      | 1562 ||| INVOKING Spit Poison.
  1587 | D:2      | 1587 ||| INVOKING Spit Poison.
  1705 | D:2      | 1705 ||| INVOKING Spit Poison.
  1986 | D:2      | 1986 ||| READING scroll labelled HEYFRE BEQEG.
  2054 | D:2      | 2054 ||| DRINKING 2 white potions.
  2084 | D:3      | 2084 ||| INVOKING Spit Poison.
  2085 | D:3      | 2085 ||| STAIRDANCE
  2089 | D:2      | 2089 ||| INVOKING Spit Poison.
  2138 | D:3      | 2138 ||| INVOKING Spit Poison.
  2141 | D:3      | 2141 ||| STAIRDANCE
  2143 | D:2      | 2143 ||| INVOKING Spit Poison.
  2146 | D:2      | 2146 ||| INVOKING Spit Poison.
  2246 | D:3      | Found a runed translucent door.
  2247 | D:3      | Noticed Crazy Yiuf
  2283 | D:3      | Found a shimmering blue altar of Sif Muna.
  2284 | D:3      | Found a shadowy altar of Dithmenos.
  2284 | D:3      | Found an iron altar of Okawaru.
  2300 | D:3      | Found an ancient bone altar of Kikubaaqudgha.
  2378 | D:3      | 2378 ||| INVOKING Spit Poison.
  2382 | D:3      | 2382 ||| INVOKING Spit Poison.
  2387 | D:3      | 2387 ||| INVOKING Spit Poison.
  2399 | D:3      | 2399 ||| INVOKING Spit Poison.
  2403 | D:3      | 2403 ||| INVOKING Spit Poison.
  2477 | D:3      | Found a faded altar of an unknown god.
  2497 | D:3      | 2497 ||| INVOKING Spit Poison.
  2498 | D:3      | Reached skill level 3 in Fighting
  2657 | D:3      | 2657 ||| INVOKING Spit Poison.
  2762 | D:3      | 2762 ||| INVOKING Spit Poison.
  2765 | D:3      | 2765 ||| INVOKING Spit Poison.
  2853 | D:3      | 2853 ||| UPGRADING to +1 cloak.
  2858 | D:3      | 2858 ||| READING scroll labelled XEVO XEEQI.
  2859 | D:3      | 2859 ||| READING scroll labelled JOASTR HUNIQ.
  2960 | D:3      | 2960 ||| READING 2 scrolls of identify.
  2960 | D:3      | 2960 ||| IDENTIFYING lumpy pink potion
  2980 | D:4      | Noticed a scorpion
  2981 | D:4      | 2981 ||| PLANNING SEWER
  2981 | D:4      | 2981 ||| INVOKING Spit Poison.
  2987 | D:4      | 2987 ||| INVOKING Spit Poison.
  2989 | D:4      | 2989 ||| STAIRDANCE
  2991 | D:3      | 2991 ||| INVOKING Spit Poison.
  2993 | D:3      | Killed a scorpion
  2994 | D:3      | Reached XP level 5. HP: 26/49 MP: 5/5
  3119 | D:4      | 3119 ||| INVOKING Spit Poison.
  3124 | D:4      | 3124 ||| INVOKING Spit Poison.
  3127 | D:4      | 3127 ||| INVOKING Spit Poison.
  3144 | D:4      | 3144 ||| INVOKING Spit Poison.
  3150 | D:4      | 3150 ||| INVOKING Spit Poison.
  3153 | D:4      | HP: 11/49 [iguana (11)]
  3154 | D:4      | 3154 ||| DRINKING potion of heal wounds.
  3156 | D:4      | 3156 ||| INVOKING Spit Poison.
  3159 | D:4      | HP: 11/49 [iguana (7)]
  3163 | D:4      | 3163 ||| INVOKING Spit Poison.
  3164 | D:4      | HP: 6/49 [adder (2)]
  3350 | D:4      | 3350 ||| INVOKING Spit Poison.
  3355 | D:4      | 3355 ||| INVOKING Spit Poison.
  3359 | D:4      | 3359 ||| INVOKING Spit Poison.
  3360 | D:4      | Reached skill level 6 in Ranged Weapons
  3360 | D:4      | Reached XP level 6. HP: 46/56 MP: 6/6
  3419 | D:4      | 3419 ||| INVOKING Spit Poison.
  3423 | D:4      | 3423 ||| INVOKING Spit Poison.
  3433 | D:4      | 3433 ||| INVOKING Spit Poison.
  3439 | D:4      | 3439 ||| INVOKING Spit Poison.
  3457 | D:4      | 3457 ||| INVOKING Spit Poison.
  3463 | D:4      | 3463 ||| INVOKING Spit Poison.
  3520 | D:4      | 3520 ||| RIP SEWER
  3586 | D:4      | 3586 ||| PLANNING D:1-11
  3586 | D:4      | 3586 ||| INVOKING Spit Poison.
  3651 | D:4      | 3651 ||| INVOKING Spit Poison.
  3667 | D:4      | 3667 ||| INVOKING Spit Poison.
  3671 | D:4      | 3671 ||| INVOKING Spit Poison.
  3835 | D:4      | 3835 ||| INVOKING Spit Poison.
  3913 | D:4      | 3913 ||| INVOKING Spit Poison.
  3939 | D:4      | 3939 ||| INVOKING Spit Poison.
  4134 | D:4      | 4134 ||| INVOKING Spit Poison.
  4154 | D:4      | 4154 ||| INVOKING Spit Poison.
  4159 | D:4      | 4159 ||| INVOKING Spit Poison.
  4164 | D:4      | 4164 ||| INVOKING Spit Poison.
  4169 | D:4      | 4169 ||| INVOKING Spit Poison.
  4172 | D:4      | 4172 ||| INVOKING Spit Poison.
  4230 | D:4      | 4230 ||| DROPPING ring of magical power.
  4231 | D:4      | 4231 ||| READING scroll labelled ZEUCSA LOIM.
  4232 | D:4      | 4232 ||| DRINKING 3 orange potions.
  4233 | D:4      | 4233 ||| DROPPING 2 potions of attraction.
  4258 | D:5      | Entered Level 5 of the Dungeon
  4267 | D:5      | 4267 ||| INVOKING Spit Poison.
  4273 | D:5      | 4273 ||| INVOKING Spit Poison.
  4277 | D:5      | 4277 ||| INVOKING Spit Poison.
  4277 | D:5      | Noticed Edmund
  4281 | D:5      | 4281 ||| INVOKING Spit Poison.
  4287 | D:5      | 4287 ||| INVOKING Spit Poison.
  4287 | D:5      | HP: 10/49 [Edmund/+2 dire flail of draining (3)]
  4289 | D:5      | Mangled by Edmund

Levels and vault maps discovered:
D:1:      sevenhm_arrival_forest_fort_small_3, layout_basic, serial_forest,
          infiniplex_forest_zigzag_1, infiniplex_forest_straight_2,
          infiniplex_forest_pool, infiniplex_forest_fountain,
          infiniplex_forest_end_2, infiniplex_forest_lined_room_3,
          infiniplex_forest_fountain, corner_web_ring
D:2:      layout_basic, serial_co_window_serial, co_window_paths_b,
          co_window_paths_a, co_window_corner_a, co_window_corner_a,
          co_window_of_opportunity_a, co_window_of_opportunity_c,
          co_window_broadway_a, co_window_2corner, co_window_corner_b,
          co_window_corner_b, co_window_4corner_b, co_window_4corner_a,
          dreamdust_princess_corridor, uniq_terence
D:3:      layout_rooms, nicolae_overflow_quartered_altars,
          shapermc_ecumenical_altar_mp_urbaneastern, kennysheep_generic_room_11,
          uniq_crazy_yiuf_cottage
D:4:      layout_basic, gup_sewer_entry_bubbles
D:5:      cheibrodos_fertilizer, layout_basic, uniq_menkaure, uniq_pikel,
          uniq_edmund, uniq_sigmund

Skill      XL: |  1  2  3  4  5  6 |
---------------+-------------------+-----
Ranged Weapons | 4 5 6 |  6.5
Fighting       | 3 4 |  4.0
Dodging        | |  1.5
Stealth        | |  1.5

Action                     |  1- 3 |  4- 6 || total
---------------------------+-------+-------++-------
   Fire: Shortbow          |    37 |   150 ||   187
Ability: Spit Poison       |    17 |    57 ||    74
    Use: Scroll            |     5 |     5 ||    10
         Potion            |       |     3 ||     3
 Armour: Leather armour    |     4 |    39 ||    43
  Dodge: Dodged            |     6 |    48 ||    54

Table legend:
 A = Non-vault XP
 B = Vault XP
 C = Vault XP percentage of total XP
 D = Non-vault monster count
 E = Vault monster count
 F = Vault count percentage of total count
                 A         B        C        D         E       F
            +---------+---------+-------+---------+---------+-------
      Total |     516 |      78 |  13.1 |      75 |       9 |  10.7
            +---------+---------+-------+---------+---------+-------
        D:1 |      16 |      36 |  69.2 |      12 |       1 |   7.7
        D:2 |      73 |       0 |   0.0 |      21 |       0 |   0.0
        D:3 |     124 |       2 |   1.6 |      12 |       1 |   7.7
        D:4 |     253 |      40 |  13.7 |      25 |       7 |  21.9
        D:5 |      50 |       0 |   0.0 |       5 |       0 |   0.0
            +---------+---------+-------+---------+---------+-------
